 Dungeon Crawl Stone Soup version 0.31.0-9-g3a7656b989 (webtiles) character file.

Game seed: 10821329629690152968

266 qw the Ducker (level 6, -2/32 HPs)
             Began as a Spriggan Hunter on Feb 2, 2024.
             Slain by Grinder (5 damage)
             ... on level 3 of the Dungeon.
             The game lasted 00:00:08 (2583 turns).

qw the Ducker (Spriggan Hunter)                     Turns: 2583, Time: 00:00:09

Health: -2/32      AC:  3    Str:  7    XL:     6   Next: 0%
Magic:  7/7        EV: 20    Int: 10    God:
Gold:   146        SH:  0    Dex: 21    Spells: 5/5 levels left

rFire   . . .        a - +0 shortbow
rCold   . . .        (shield currently unavailable)
rNeg    . . .        c - +0 robe
rPois   +            (helmet restricted)
rElec   .            f - +0 cloak {rPois}
rCorr   .            (gloves unavailable)
SInv    +            (boots unavailable)
Will    +....        (no amulet)
Stlth   ++           (no ring)
HPRegen 0.25/turn    (no ring)
MPRegen 0.10/turn

%: no passive effects
@: very quick
A: very small, no large weapons, unfitting armour, see invisible, speed 3
a: no special abilities


You were on level 3 of the Dungeon.
You visited 1 branch of the dungeon, and saw 3 of its levels.

You collected 146 gold pieces.


Innate Abilities, Weirdness & Mutations

You are very small and have problems with some larger weapons.
You are too small for most types of armour.
You have supernaturally acute eyesight. (SInv)
You cover ground extremely quickly. (Speed+++)


   Skills:
 - Level 3.6 Fighting
 + Level 5.0 Ranged Weapons
 - Level 5.1 Dodging
 - Level 1.5 Stealth


You had 5 spell levels left.
You didn't know any spells.
Your spell library was empty.

Inventory:

Hand Weapons
 a - a +0 shortbow (weapon)
Armour
 c - a +0 robe (worn)
 f - a +0 cloak of poison resistance (worn)
Jewellery
 d - a ring of ice
Scrolls
 i - 2 scrolls of amnesia {unknown}
Potions
 e - a potion of might {unknown}
 g - 2 potions of degeneration {unknown}
 h - a potion of heal wounds {unknown}

Dungeon Overview and Level Annotations

Branches:
Dungeon (3/15)

Altars:

Annotations:
D:3 Grinder


Message History

Grinder is moderately wounded.
Grinder says, "At least Makhleb appreciates what I'm doing."
You shoot an arrow. The arrow hits Grinder.
Grinder is moderately wounded.
Grinder misses you.
You shoot an arrow. The arrow closely misses Grinder.
Grinder says, "Are you a fish?" Grinder misses you. x2
You shoot an arrow. The arrow hits Grinder.
Grinder is heavily wounded.
Grinder gestures at you. You resist with significant effort.
You shoot an arrow.
The arrow hits Grinder but does no damage.
Grinder is heavily wounded.
Grinder misses you.
You shoot an arrow. The arrow barely misses Grinder.
Grinder gestures at you.
You suddenly lose the ability to move!
Grinder hits you.
You can move again.
You shoot an arrow.
The arrow hits Grinder but does no damage.
Grinder is heavily wounded.
Grinder closely misses you.
You shoot an arrow. The arrow barely misses Grinder.
Grinder hits you!
You writhe in agony.
You shoot an arrow. The arrow hits Grinder.
Grinder is heavily wounded.
Grinder misses you.
You shoot an arrow.
The arrow hits Grinder but does no damage.
Grinder is heavily wounded.
Grinder barely misses you.
You shoot an arrow. The arrow hits Grinder.
Grinder is heavily wounded.
Grinder gestures at you. You resist with significant effort. Grinder hits you!
You writhe in agony.
You die...
Grinder says, "Hey, I wasn't done torturing you yet!"

##### ....#### ####.....#
.........#######
#.#.#......5.. #.....5#
#.#.#@.# #.....## ###.#.#
#...# #########.##
####.....##...# #
###.............########
#...#.#.#...............
.##.#...........>.........


You could see Grinder.

Vanquished Creatures
  Sigmund (D:3)
  Terence (D:3)
  4 adders (D:2)
  A ribbon worm (D:2)
  2 orcs (D:3)
  7 ball pythons
  3 endoplasms
  A giant cockroach (D:2)
  A goblin (D:1)
  A hobgoblin (D:2)
  4 jackals (D:2)
  4 kobolds
  4 quokkas
  8 bats
  A frilled lizard (D:3)
  3 rats
46 creatures vanquished.

Notes
Turn   | Place    | Note
-------+----------+-------------------------------------------
     0 | D:1      | qw the Spriggan Hunter began the quest for the Orb.
     0 | D:1      | Reached XP level 1. HP: 10/10 MP: 2/2
     0 | D:1      | 0 ||| qw: Version: 0.3-a-155-g5e7d8dd
     0 | D:1      | 0 ||| qw: Game counter: 916
     0 | D:1      | 0 ||| qw: Melee chars always use a shield: true
     0 | D:1      | 0 ||| qw: God list: Okawaru
     0 | D:1      | 0 ||| qw: Allow faded altars: false
     0 | D:1      | 0 ||| qw: Do Orc after clearing Dungeon:15 true
     0 | D:1      | 0 ||| qw: Do second Lair branch before Depths: true
     0 | D:1      | 0 ||| qw: Lair rune preference: random
     0 | D:1      | 0 ||| qw: Goals: Normal
     0 | D:1      | 0 ||| PLANNING D:1-11
   137 | D:1      | Reached skill level 3 in Dodging
   431 | D:1      | Reached XP level 2. HP: 14/14 MP: 3/3
   435 | D:1      | Found a faded altar of an unknown god.
   999 | D:1      | 999 ||| UPGRADING to +0 cloak of poison resistance.
  1004 | D:1      | 1004 ||| DROPPING scroll of butterflies.
  1213 | D:2      | Reached XP level 3. HP: 18/18 MP: 4/4
  1285 | D:2      | You fall into a shaft and drop 1 floor!
  1350 | D:3      | 1350 ||| READING scroll labelled AHOSOR DOSCHECU.
  1350 | D:3      | 1350 ||| IDENTIFYING orange potion
  1539 | D:2      | Reached XP level 4. HP: 22/22 MP: 5/5
  2159 | D:3      | Noticed Terence
  2162 | D:3      | Noticed Sigmund
  2165 | D:3      | 2165 ||| DRINKING potion of haste.
  2177 | D:3      | Killed Terence
  2186 | D:3      | HP: 5/22 [Sigmund/+0 scythe (9)]
  2193 | D:3      | Killed Sigmund
  2194 | D:3      | Reached skill level 3 in Fighting
  2194 | D:3      | Reached XP level 5. HP: 5/28 MP: 6/6
  2320 | D:3      | 2320 ||| FLEEEEING.
  2507 | D:3      | Reached XP level 6. HP: 32/32 MP: 7/7
  2566 | D:3      | Noticed Grinder
  2568 | D:3      | 2568 ||| FLEEEEING.
  2577 | D:3      | Paralysed by Grinder for 2 turns
  2583 | D:3      | HP: 3/32 [Grinder (7)]
  2583 | D:3      | Slain by Grinder

Levels and vault maps discovered:
D:1:      sevenhm_arrival_forest_fort_large_2, layout_basic,
          shapermc_ecumenical_altar_flowoftime, patterned_corridor
D:2:      layout_basic, st_stairs_5
D:3:      layout_rooms, grunt_temple_overflow_magic_moments,
          serial_co_window_serial, co_window_corner_a,
          co_window_of_opportunity_a, co_window_corner_a, co_window_paths_a,
          co_window_paths_a, co_window_paths_b, co_window_of_opportunity_a,
          co_window_of_opportunity_b, co_window_broadway_b, co_window_paths_c,
          co_window_2corner, glass_columns_b, glass_columns_a, glass_columns_a,
          uniq_terence, uniq_grinder, uniq_sigmund

Skill      XL: |  1  2  3  4 |
---------------+-------------+-----
Dodging        | 3 4 5 |  5.1
Ranged Weapons | 5 |  5.0
Fighting       | 3 |  3.6
Stealth        | |  1.5

Action                     |  1- 3 |  4- 6 || total
---------------------------+-------+-------++-------
   Fire: Shortbow          |    99 |    77 ||   176
    Use: Scroll            |     1 |       ||     1
         Potion            |       |     1 ||     1
 Armour: Robe              |     7 |    10 ||    17
  Dodge: Dodged            |    42 |    32 ||    74

Table legend:
 A = Non-vault XP
 B = Vault XP
 C = Vault XP percentage of total XP
 D = Non-vault monster count
 E = Vault monster count
 F = Vault count percentage of total count
                 A         B        C        D         E       F
            +---------+---------+-------+---------+---------+-------
      Total |     107 |     274 |  71.9 |      42 |       4 |   8.7
            +---------+---------+-------+---------+---------+-------
        D:1 |      19 |       0 |   0.0 |      12 |       0 |   0.0
        D:2 |      71 |      15 |  17.4 |      21 |       2 |   8.7
        D:3 |      17 |     259 |  93.8 |       9 |       2 |  18.2
            +---------+---------+-------+---------+---------+-------
